 Dungeon Crawl Stone Soup version 0.30-a0-341-g682706514a (webtiles) character file.

Game seed: 16719827497784857743

4607 Shayle the Ducker (level 10, -1/87 HPs)
             Began as a Djinni Reaver on Nov 4, 2022.
             Was an Initiate of Ashenzari.
             Slain by a thrashing horror (5 damage)
             ... on level 1 of the Abyss.
             The game lasted 00:39:37 (9501 turns).

Shayle the Ducker (Djinni Reaver)                   Turns: 9501, Time: 00:39:38

Health: -1/87      AC: 29    Str:  7    XL:     10   Next: 69%
Gold:   336        EV:  2    Int: 19    God:    Ashenzari [......] SH:  0 Dex: 12

rFire   . . .      SeeInvis .    C - +3 dagger (vamp)
rCold   . . .      Faith    .    J - orb {guile}
rNeg    . . .      Spirit   .    (body armour currently unavailable)
rPois   ∞          Reflect  .    (helmet currently unavailable)
rElec   .          Harm     .    (cloak currently unavailable)
rCorr   .          Rampage  .    (gloves currently unavailable)
Will    .....      NoTele   +    (boots unavailable)
Stlth   +++.......               (no amulet)
HPRegen 0.34/turn                s - ring of wizardry
MPRegen 0.00/turn                u - ring "Suspicion of Ashenzari" {AC+4, Melee, Evo} (curse)

@: tree-form, unable to drink
A: stationary, stasis, torment immunity, boosted hp, sickness immunity, (fire
resistance 2), (cold vulnerability 1), float, innate caster, HP casting, extra
vitality 1, ([deformed body]), [frail 2], [weak 2], [inability to drink after
injury 2]
a: Renounce Religion, Curse Item, Shatter the Chains


You were on level 1 of the Abyss.
You worshipped Ashenzari.
Ashenzari was noncommittal.
You were a tree.
You visited 2 branches of the dungeon, and saw 10 of its levels.
You visited the Abyss 1 time.

You collected 451 gold pieces.
You spent 115 gold pieces at shops.

Inventory:

Hand Weapons
 e - a +1 spectral whip
 C - a +3 vampiric dagger (weapon)
Missiles
 A - 2 throwing nets (quivered)
Armour
 a - a +0 leather armour
 k - a +0 pair of gloves (melded)
 t - a +2 helmet of intelligence (melded)
 w - a +2 cloak (melded)
 H - the +3 scale mail of the Garden (melded) {rC+ Str+4}
   (You found it on level 9 of the Dungeon)

   Str:       It affects your strength (+4).
   rC:        It protects you from cold.
 J - an orb of guile (worn)
Jewellery
 s - a ring of wizardry (left branch)
 u - the cursed ring "Suspicion of Ashenzari" (right branch) {AC+4, Melee, Evo}
   (You found it on level 3 of the Dungeon)

   [ring of protection]

   AC:        It affects your AC (+4).
   It has a curse which improves the following skills: Melee Combat: Short
   Blades, Long Blades, Axes, Maces & Flails, Polearms, Staves and Unarmed
   Combat.
   Evocations: Evocations.
 B - a ring of fire
 D - a +4 ring of evasion
 G - an amulet of the acrobat
Wands
 c - a wand of flame (4)
 F - a wand of roots (6)
Scrolls
 b - 2 scrolls of magic mapping
 m - 3 scrolls of immolation
 q - 2 scrolls of butterflies
 v - 5 scrolls of vulnerability
 y - a scroll of poison
Potions
 d - a potion of berserk rage {unknown}
 f - a potion of ambrosia {unknown}
 g - 2 potions of degeneration
 h - 2 potions of flight {unknown}
 i - 8 potions of brilliance
 j - 3 potions of might {unknown}
 l - a potion of mutation
 n - 3 potions of resistance
 o - a potion of heal wounds
 p - a potion of magic
 r - a potion of cancellation {unknown}
 z - a potion of lignification
 E - 3 potions of curing {unknown}
 K - a potion of haste {unknown}


   Skills:
 + Level 6.9 Fighting
 + Level 7.6 Dodging
 + Level 5.9 Stealth
 + Level 7.3(7.7) Unarmed Combat
 + Level 5.6 Spellcasting
 + Level 1.2(1.5) Evocations


You had 5 spell levels left.
You knew the following spells:

 Your Spells              Type           Power      Damage    Failure   Level
a - Kiss of Death         Conj/Necr      100%       2d13      1%          1
b - Momentum Strike       Conj/Tloc      52%        3d9       1%          2
c - Hailstorm             Conj/Ice       26%        3d7       1%          3
d - Magic Dart            Conj           100%       1d8       1%          1
e - Ensorcelled Hibernat  Hex/Ice        52%        N/A       1%          2
f - Tukima's Dance        Hex            26%        N/A       1%          3
g - Confusing Touch       Hex            26%        N/A       1%          3
Your spell library was empty.

Dungeon Overview and Level Annotations

Branches:
Dungeon (9/15)             Temple (1/1) D:6
   Lair: D:8-11         Orc: D:9-12

Altars:
Ashenzari
Cheibriados
Hepliaklqana
Okawaru
Ru
Wu Jian
Xom
Yredelemnul
The Shining One

Shops:
D:4 [   D:7 :

Annotations:
D:9 Erolcha


Innate Abilities, Weirdness & Mutations

You are a tree.
Your roots penetrate the ground, keeping you stationary.
You cannot be teleported.
You are immune to unholy pain and torment.
Your maximum health is greatly increased.
Your equipment is partially melded.
You are immune to sickness and miasma.
You are immune to poison.
((Your flesh is very heat resistant. (rF++)))
((You are vulnerable to cold. (rC-)))
You float through the air rather than walking.
You learn spells naturally, not from books.
Your magical power is your life essence.
You have superior vitality. (+4 MHP)
[((Armour fits poorly on your strangely shaped body.))]
[You are very frail. (-20% HP)]
[You are very weak. (Str -4)]
[You sometimes lose the ability to drink potions when taking damage.]


Message History

A dire elephant skeleton comes into view.
The thrashing horror tramples you but does no damage.
The thrashing horror tramples you.
The thrashing horror tramples you but does no damage. x2
The quasit bites you but does no damage.
The quasit claws you but does no damage. x2
A starcursed mass splits.
Casting: Hailstorm (safe; 1% risk of failure)
Confirm with . or Enter, or press ? or * to list all spells.
Okay, then.
Okay, then.
You hit the thrashing horror.
The thrashing horror is heavily damaged.
The thrashing horror tramples you but does no damage.
The thrashing horror tramples you.
The thrashing horror tramples you but does no damage. x2
The thrashing horror tramples you!
* * * LOW HITPOINT WARNING * * *
The thrashing horror tramples you but does no damage.
The quasit bites you.
* * * LOW HITPOINT WARNING * * *
The quasit claws you but does no damage. x2
A chorus of shrieks assaults your mind.
You feel threatened and lose the ability to drink potions!
* * * LOW HITPOINT WARNING * * *
A starcursed mass splits.
You hit the thrashing horror.
The thrashing horror is heavily damaged.
The thrashing horror tramples you but does no damage. x2
The thrashing horror tramples you.
* * * LOW HITPOINT WARNING * * *
The thrashing horror tramples you but does no damage.
The quasit bites you but does no damage.
The quasit claws you but does no damage. x2
The thrashing horror tramples you.
* * * LOW HITPOINT WARNING * * *
The thrashing horror tramples you.
* * * LOW HITPOINT WARNING * * *
The thrashing horror tramples you.
You die...

# # # # . # # .
##### #. . . ..
##...###. ## #
..# ##.....#.
..#..§.# ....
.... . .... . #
......##X###.#..
..#. #
#.....5♣X.###
... #.#
#.....XX..# ##
## #
#.......X..# §
.# #
##.....#...#
§...#. .
#.........# ...
# #.........# .
. . #.... #Z.#.
.#.##.##...#


You could see 3 starcursed masses, 2 thrashing horrors, a quasit and a dire
elephant skeleton.

Vanquished Creatures
  A two-headed ogre (D:9)
  Pikel (D:6)
  An orange demon (Abyss:1)
  An ancient zyme (Abyss:1)
  A wraith (D:9)
  A wyvern (D:9)
  A steam dragon (D:8)
  A water moccasin (D:9)
  A black bear (D:6)
  An ice beast (D:8)
  2 orc warriors
  2 lemures (D:6)
  A kobold brigand (D:8)
  2 bullfrogs
  2 necrophages
  4 scorpions
  2 wights (D:8)
  4 killer bees (D:9)
  A jelly (D:7)
  3 hounds
  2 gnoll boudas
  6 orc priests
  An iguana (D:5)
  9 orc wizards
  Robin (D:3)
  15 gnolls
  7 adders
  2 shadow imps (D:5)
  2 white imps
  An ufetubus (Abyss:1)
  4 dart slugs
  35 orcs
  3 bats
  5 endoplasms
  5 giant cockroaches
  13 goblins
  10 hobgoblins
  3 jackals (D:1)
  A quokka (D:1)
  6 ball pythons
  4 frilled lizards
  7 kobolds
  4 rats
179 creatures vanquished.

Vanquished Creatures (collateral kills)
  An ogre (D:6)
  A goblin (D:4)
2 creatures vanquished.

Vanquished Creatures (others)
  A ynoxinul (Abyss:1)
  2 dancing weapons
  A steam dragon (D:8)
  Menkaure (D:6)
  2 ogres (D:5)
  A centaur (D:7)
  A phantom (D:4)
  A scorpion (D:6)
  A wight (D:8)
  A hound (D:7)
  An iguana (D:6)
  An adder (D:5)
  13 plants (D:5)
27 creatures vanquished.

Grand Total: 208 creatures vanquished

Notes
Turn   | Place    | Note
-------+----------+-------------------------------------------
     0 | D:1      | Shayle the Djinni Reaver began the quest for the Orb.
     0 | D:1      | Shayle set off with the following spells memorised: Kiss of
                  | Death, Momentum Strike, Hailstorm.
     0 | D:1      | Reached XP level 1. HP: 18/18 MP: 0/0
    81 | D:1      | Reached XP level 2. HP: 23/23 MP: 0/0
   408 | D:1      | Reached XP level 3. HP: 27/28 MP: 0/0
   408 | D:1      | Learned a level 1 spell: Magic Dart
   830 | D:2      | Reached skill level 1 in Stealth
  1116 | D:2      | Reached XP level 4. HP: 30/34 MP: 0/0
  1563 | D:3      | Found a faded altar of an unknown god.
  1620 | D:3      | Reached XP level 5. HP: 32/39 MP: 0/0
  1620 | D:3      | Learned a level 2 spell: Ensorcelled Hibernation
  1856 | D:3      | Found a basalt altar of Yredelemnul.
  1859 | D:3      | Found a sacrificial altar of Ru.
  1880 | D:3      | Noticed Robin
  1883 | D:3      | Killed Robin
  2586 | D:4      | Found Zoynami's Armour Shop.
  2603 | D:4      | Reached XP level 6. HP: 34/46 MP: 0/0
  2663 | D:4      | Bought a +1 cloak for 115 gold pieces
  3201 | D:4      | Reached XP level 7. HP: 39/50 MP: 0/0
  3201 | D:4      | Learned a level 3 spell: Tukima's Dance
  3610 | D:5      | Entered Level 5 of the Dungeon
  4334 | D:5      | Reached XP level 8. HP: 29/58 MP: 0/0
  5451 | D:6      | Reached skill level 5 in Unarmed Combat
  5563 | D:6      | Reached skill level 5 in Dodging
  5714 | D:6      | Noticed Menkaure
  5722 | D:6      | Killed Menkaure
  5947 | D:6      | Found a staircase to the Ecumenical Temple.
  6153 | Temple   | Entered the Ecumenical Temple
  6162 | Temple   | Became a worshipper of Ashenzari the Shackled
  6196 | D:6      | Noticed Pikel
  6217 | D:6      | Killed Pikel
  6218 | D:6      | Reached skill level 5 in Fighting
  6218 | D:6      | Reached XP level 9. HP: 53/65 MP: 0/0
  6218 | D:6      | Learned a level 3 spell: Confusing Touch
  6806 | D:7      | Found Woqerud's Self-Improvement Boutique.
  7413 | D:8      | Found a shimmering altar of Xom.
  8453 | D:9      | Identified the +3 scale mail of the Garden {rC+ Str+4}
  8530 | D:9      | Noticed Erolcha
  8568 | D:9      | Noticed a two-headed ogre
  8595 | D:9      | Killed a two-headed ogre
  8596 | D:9      | Reached skill level 5 in Stealth
  8596 | D:9      | Reached skill level 5 in Spellcasting
  8596 | D:9      | Reached XP level 10. HP: 51/73 MP: 0/0
  9138 | Abyss:1  | Cast into level 1 of the Abyss (Erolcha)
  9297 | Abyss:1  | Noticed a wretched star
  9465 | Abyss:1  | Noticed an orange demon
  9472 | Abyss:1  | Killed an orange demon
  9473 | Abyss:1  | Reached skill level 1 in Evocations
  9481 | Abyss:1  | Noticed a thrashing horror
  9484 | Abyss:1  | Noticed a thrashing horror
  9493 | Abyss:1  | Noticed a starcursed mass
  9501 | Abyss:1  | HP: 4/87 [thrashing horror (2)]
  9501 | Abyss:1  | Slain by a thrashing horror

Illustrated notes

Levels and vault maps discovered:
D:1:      minmay_arrival_hallway, layout_basic
D:2:      layout_basic
D:3:      layout_loops_cross, nicolae_overflow_squiral,
          ebering_ecumenical_altar_webs, uniq_robin
D:4:      layout_loops_ring, serial_shops, nicolae_stop_n_shop_1,
          chequers_serial_rivers_micro_d
D:5:      layout_gridville, serial_bayou_lake_a
D:6:      layout_cave_pods, minmay_temple_entry_drinking_statues, uniq_menkaure,
          uniq_pikel
D:7:      layout_cave_pools, nicolae_shop_self_help
D:8:      layout_basic, nicolae_overflow_crystal_walls
D:9:      layout_loops_ring, uniq_erolcha
Temple:   nicolae_temple_bog_church
Abyss:1:  base:
D:2

Skill      XL: |  1  2  3  4  5  6  7  8  9 10 |
---------------+-------------------------------+-----
Stealth        | 1 2 3 4 5 |  5.9
Dodging        | 3 4 5 7 |  7.6
Fighting       | 3 4 5 6 |  6.9
Spellcasting   | 3 4 5 |  5.6
Unarmed Combat | 4 5 6 7 |  7.3
Evocations     | 1 |  1.2

Action                   |  1- 3 |  4- 6 |  7- 9 | 10-12 || total
-------------------------+-------+-------+-------+-------++-------
Melee: Unarmed           |    36 |       |       |       ||    36
       Dagger            |    52 |   145 |   163 |    80 ||   440
       Punch             |       |     4 |     8 |       ||    12
Throw: Boomerang         |       |     2 |     4 |       ||     6
 Cast: Magic Dart        |    46 |    21 |    95 |       ||   162
       Hailstorm         |       |    33 |    78 |    33 ||   144
       Momentum Strike   |       |       |    20 |     1 ||    21
       Tukima's Dance    |       |       |     5 |     1 ||     6
       Ensorcelled Hiber |       |       |     4 |     5 ||     9
       Confusing Touch   |       |       |     3 |     6 ||     9
Invok: Curse Item        |       |       |     1 |       ||     1
Evoke: Wand              |       |       |     5 |     1 ||     6
  Use: Scroll            |       |     4 |    15 |     2 ||    21
       Potion            |       |       |     5 |     2 ||     7
 Stab: Sleeping          |       |     1 |     3 |     1 ||     5
       Confused          |       |       |     1 |     4 ||     5
Armor: Leather armour    |    31 |    54 |    90 |       ||   175
       Scale mail        |       |       |     5 |    71 ||    76
       Skin              |       |       |       |    64 ||    64
Dodge: Dodged            |    45 |    62 |   131 |    63 ||   301

Table legend: (Time is in decaauts)
 A = Elapsed time spent in this place.
 B = Non-inter-level travel time spent in this place.
 C = Inter-level travel time spent in this place.
 D = Time resting spent in this place.
 E = Time spent auto-exploring this place.
 F = Levels seen in this place.
 G = Mean time per level.
                   A        B        C        D        E       F      G
               +--------+--------+--------+--------+--------+-----+--------+
         Total |   9409 |   8979 |    430 |   1832 |   4953 |  11 |  855.4 |
       Dungeon |   9030 |   8607 |    423 |   1732 |   4949 |   9 | 1003.3 |
        Temple |     16 |      9 |      7 |      0 |      1 |   1 |   16.0 |
         Abyss |    362 |    362 |      0 |    100 |      3 |   1 |  362.0 |
               +--------+--------+--------+--------+--------+-----+--------+

Top non-repeatable levels by time:
     D:6: 1399 daAuts
     D:4: 1247 daAuts
     D:5: 1213 daAuts
     D:3: 1037 daAuts
     D:8: 1012 daAuts
     D:2: 863 daAuts
     D:7: 818 daAuts
     D:9: 788 daAuts
     D:1: 649 daAuts
 Abyss:1: 362 daAuts
  Temple: 16 daAuts
